 Dungeon Crawl Stone Soup version 0.26.1-10-gdfb7c7de75 (webtiles) character file.

Game seed: 5701606397251810170

56 sankara the Ruffian (level 3, -1/29 HPs)
             Began as a Minotaur Transmuter on Apr 3, 2021.
             Slain by a phantom (7 damage)
             ... on level 3 of the Dungeon.
             The game lasted 00:04:44 (2446 turns).

sankara the Ruffian (Minotaur Transmuter)           Turns: 2446, Time: 00:04:44

Health: -1/29      AC:  2    Str: 14    XL:     3   Next: 69%
Magic:  1/4        EV: 12    Int: 10    God:
Gold:   89         SH:  0    Dex: 11    Spells: 2/5 levels left

rFire    . . .     SeeInvis .     - Unarmed
rCold    . . .     Faith    .   (no shield)
rNeg     . . .     Spirit   .   a - +0 robe
rPois    .         Reflect  .   (helmet currently unavailable)
rElec    .         Harm     .   (no cloak)
rCorr    .         Rampage  .   (no gloves)
Will     +....                  (boots currently unavailable)
Stlth    +.........             (no amulet)
HPRegen  0.09/turn              h - ring of willpower
MPRegen  0.09/turn              (no ring)

@: appendages, wereblooded (expiring)
A: retaliatory headbutt, horns 2, talons 2
a: End Transformation


You were on level 3 of the Dungeon.
You had grown temporary talons.
You visited 1 branch of the dungeon, and saw 3 of its levels.

You collected 89 gold pieces.

Inventory:

Missiles
 c - 23 stones
 f - 10 sling bullets
 s - 13 poisoned darts
Armour
 a - a +0 robe (worn)
 m - a +0 leather armour
Jewellery
 h - a ring of willpower (left hand)
Scrolls
 b - 2 scrolls of magic mapping {unknown}
 e - a scroll of blinking {unknown}
 g - a scroll of teleportation {unknown}
 i - 3 scrolls of identify {unknown}
 k - 3 scrolls of remove curse {unknown}
 p - a scroll of fog {unknown}
 q - a scroll of fear {unknown}
 t - a scroll of noise {unknown}
Potions
 d - 2 potions of lignification {unknown}
 j - a potion of heal wounds {unknown}
 l - a potion of invisibility {unknown}
 n - 2 potions of ambrosia {unknown}
 o - a potion of curing {unknown}
 r - a potion of flight {unknown}


   Skills:
 - Level 2.0 Fighting
 - Level 2.1 Dodging
 * Level 4.0 Unarmed Combat
 + Level 1.7 Spellcasting
 * Level 2.3 Transmutations


You had 2 spell levels left.
You knew the following spells:

 Your Spells              Type           Power        Failure   Level
a - Beastly Appendage     Tmut           10%          12%         1
b - Wereblood             Tmut           5%           19%         2

Your spell library contained the following spells:

 Spells                   Type           Power        Failure   Level
 Spider Form              Tmut/Pois      1%           52%         3
 Ice Form                 Ice/Tmut       3%           89%         4
 Blade Hands              Tmut           2%           98%         5


Dungeon Overview and Level Annotations

Branches:
Dungeon (3/15)

Altars:
Xom


Innate Abilities, Weirdness & Mutations

You reflexively headbutt those who attack you in melee.
You have a pair of horns on your head.
You have razor-sharp toenails.


Message History

You hit the phantom.
The phantom is heavily damaged.
The phantom hits you.
The phantom blinks!
You barely miss the phantom. Your headbutt misses the phantom.
The phantom is heavily damaged.
The phantom blinks!
Your primal bloodlust is almost over.
You closely miss the phantom. Your headbutt misses the phantom.
The phantom is heavily damaged.
The phantom misses you.
Casting: Wereblood (safe; 19% risk of failure)
Confirm with . or Enter, or press ? or * to list all spells.
Your feet morph into talons.
The phantom hits you!
* * * LOW HITPOINT WARNING * * *
You are too injured to fight recklessly!
You are too injured to fight recklessly!
You hit the phantom. Your kick misses the phantom. You headbutt the phantom.
The phantom is severely damaged.
The phantom hits you!
You die...

## ... #.## ...########
#........# #........#
#...W....# #...@....#
#.#........#
#......)######
#######.)....# ####
#..)...##...# ###.
#.###........ ... ...
##.###.......#
...###..####...##........
....#......._..........#


You could see a phantom.

Vanquished Creatures
  An adder (D:2)
  2 dart slugs
  A leopard gecko (D:2)
  6 goblins
  5 hobgoblins
  2 jackals (D:1)
  A quokka (D:2)
  3 ball pythons (D:1)
  3 bats
  7 frilled lizards
  6 kobolds
  7 rats
44 creatures vanquished.

Notes
Turn   | Place    | Note
-------+----------+-------------------------------------------
     0 | D:1      | sankara the Minotaur Transmuter began the quest for the
                  | Orb.
     0 | D:1      | Reached XP level 1. HP: 16/16 MP: 1/1
   312 | D:1      | Reached XP level 2. HP: 12/23 MP: 0/3
   316 | D:1      | Learned a level 2 spell: Wereblood
  1457 | D:2      | Reached XP level 3. HP: 29/29 MP: 2/4
  2095 | D:2      | Reached skill level 4 in Unarmed Combat
  2412 | D:3      | Found a shimmering altar of Xom.
  2424 | D:3      | Noticed a phantom
  2446 | D:3      | Slain by a phantom

Illustrated notes

Levels and vault maps discovered:
D:1:      dpeg_arrival_rooms_b, layout_basic
D:2:      layout_basic, minmay_3d_cube
D:3:      layout_rooms, nicolae_overflow_crystal_walls, serial_co_window_serial,
          co_window_paths_a, co_window_of_opportunity_a, co_window_corner_a,
          co_window_paths_a, co_window_corner_a, co_window_unsneaky_path_c,
          co_window_broadway_c, co_window_2corner, co_window_corner_b,
          co_window_corner_cb, glass_columns_c, glass_columns_b,
          glass_columns_a, glass_columns_b

Skill      XL: |  1  2  3 |
---------------+----------+-----
Transmutations | 2 |  2.3
Fighting       | 2 |  2.0
Unarmed Combat | 4 |  4.0
Dodging        | |  2.1
Spellcasting   | |  1.7

Action                   || total
-------------------------++-------
Melee: Unarmed           ||    86
       Kick              ||    15
       Headbutt          ||    11
       Punch             ||     1
 Cast: Beastly Appendage ||    32
       Wereblood         ||     2
Armor: Robe              ||    11
Dodge: Dodged            ||    47
